Map: Lerilak Crest

Players

LilDicky

  • Race: Zerg Zerg
  • League: Diamond

Fersho - Winner!

  • Race: Terran Terran
  • League: Gold

VOD

http://www.twitch.tv/tumescentpie

Description

Time

  • Played on: Dec. 1, 2015, 10:14 a.m.
  • Length: 8:06
Show
View Real Time Build Order
Export as new Build Order

LilDicky Zerg 

Build Orders: 3 Hatch before Pool 

Get SALT Encoding   

  12  0:01  Drone  
  13  0:17  Drone  
  14  0:39  Hatchery  
  14  0:42  Drone  
  14  0:46  Extractor  
  14  0:47  Drone, Extractor  
  13  0:51  Drone  
  16  0:57  Overlord  
  16  1:27  Hatchery  
  15  1:35  Spawning Pool  
  14  1:40  Drone x2  
  14  1:44  Drone  
  17  2:22  Queen x2  
  21  2:25  Extractor, Zergling x4  
  21  2:26  Zergling x4  
  24  2:35  Extractor  
  23  2:43  Queen  
  25  3:11  Queen  
  27  3:24  Overlord  
  27  3:27  Overlord  
  27  3:33  Drone  
  31  3:34  Drone x6  
  34  3:45  Lair  
  34  4:00  Extractor  
  34  4:01  Drone x4  
  37  4:12  Drone  
  37  4:13  Drone x4  
  42  4:30  Burrow  
  42  4:46  Extractor  
  42  4:48  Extractor  
  42  4:49  Drone x10  
  42  4:50  Overlord  
  50  5:20  Spire  
  49  5:24  Drone  
  49  5:25  Drone x8  
  54  6:28  Extractor  
  54  6:30  Spore Crawler, Extractor  
  51  6:50  Overlord x3  
  51  6:53  Mutalisk x3  
  57  7:00  Zergling x2  
  58  7:01  Overlord x4  
  58  7:21  Zergling x2  
  58  7:22  Zergling x36  
  77  7:23  Zergling x6  
  77  7:26  Drone  
Show
View Real Time Build Order
Export as new Build Order

Fersho Terran - Winner!

Build Orders: Reaper Expand 

Get SALT Encoding   

  12  0:01  SCV  
  13  0:13  SCV  
  14  0:27  Refinery  
  14  0:28  Supply Depot  
  14  0:34  SCV  
  15  0:50  SCV  
  15  0:52  Barracks  
  16  1:02  SCV  
  17  1:14  SCV  
  18  1:39  Reaper  
  19  1:40  Command Center  
  19  1:47  Supply Depot  
  19  1:56  Factory  
  20  2:07  Orbital Command  
  19  2:13  Barracks Reactor  
  19  2:33  SCV  
  20  2:41  Hellion  
  22  2:54  Marine x2  
  24  2:58  SCV  
  25  3:10  SCV  
  25  3:11  Factory Tech Lab  
  25  3:12  Marine x2  
  28  3:13  Refinery  
  28  3:14  SCV  
  28  3:17  Refinery  
  29  3:26  SCV  
  30  3:27  Supply Depot, SCV  
  30  3:28  Bunker  
  30  3:30  Marine x2  
  33  3:38  SCV  
  33  3:39  SCV  
  35  3:42  Refinery  
  35  3:51  SCV  
  35  3:53  Supply Depot  
  36  3:56  Siege Tank  
  36  3:59  SCV  
  40  4:11  SCV  
  40  4:14  Marine  
  40  4:15  Marine  
  43  4:22  SCV  
  43  4:23  SCV  
  45  4:28  Siege Tank  
  48  4:32  Marine  
  48  4:34  SCV  
  48  4:36  SCV  
  51  4:40  Starport  
  51  4:47  SCV  
  51  4:48  SCV  
  53  4:54  Bunker  
  53  4:56  Supply Depot  
  53  4:58  Marine x2  
  55  5:00  SCV, Siege Tank  
  55  5:01  Liberator  
  55  5:04  Orbital Command  
  59  5:13  Engineering Bay  
  59  5:16  Marine  
  63  5:33  Marine  
  63  5:34  Marine  
  65  5:44  Missile Turret  
  65  5:45  Missile Turret  
  65  5:48  SCV x2  
  67  5:51  Command Center  
  67  5:53  Supply Depot  
  67  5:57  Siege Tank  
  70  6:05  Barracks  
  70  6:14  Marine x2  
  70  6:15  SCV  
  70  6:18  Supply Depot  
  73  6:32  Marine x2  
  75  6:34  Starport Tech Lab  
  75  6:50  Marine x2  
  75  6:52  Barracks x2  
  75  6:53  Barracks  
  77  6:59  Engineering Bay  
  77  7:04  Marine  
  77  7:05  Missile Turret  
  77  7:06  Raven  
  77  7:08  Marine x2  
  82  7:13  Siege Tank  
  82  7:14  SCV  
  82  7:15  SCV  
  88  7:22  Orbital Command  
  87  7:27  SCV x2  
  89  7:30  Barracks Tech Lab, Marine x2  
  91  7:39  SCV x2  
  93  7:51  SCV  
  100  7:54  Barracks Tech Lab  
  100  7:55  Barracks Tech Lab  
  100  7:56  Barracks Reactor  
  98  8:05  Missile Turret  
Tags
 
Add a new tag
Caveats
  • Supply blocks, unpowered buildings, or Contaminate may cause inaccurate times.
  • Supply counts are checked every 10 seconds.